[Event "November 21 Early 2023"]
[Site "https://www.chess.com"]
[Date "2023.11.21"]
[Round "5"]
[White "Idani, Pouya"]
[Black "Khismatullin, Denis"]
[Result "0-1"]
[Board "14"]
[TimeControl "180+1"]
[WhiteFideId "12510130"]
[BlackFideId "4142578"]
[WhiteElo "2574"]
[BlackElo "2552"]
[WhiteTeam "IRI"]
[BlackTeam "RUS"]
[WhiteClock "0:00:11"]
[BlackClock "0:01:11"]

1. e4 c5 2. Nf3 e6 3. c3 d5 4. e5 Nc6 5. d4 Bd7 6. Be2 Nge7 7. O-O Ng6 8. Na3 Be7 9. Nc2 O-O 10. Bd3 c4 11. Be2 b5 12. Re1 a5 13. Bf1 b4 14. Bd2 Rb8 15. Ne3 a4 16. cxb4 Nxb4 17. a3 Nd3 18. Bxd3 cxd3 19. Bc3 Nf4 20. g3 Ne2+ 21. Kg2 Bb5 22. Qd2 Bc4 23. Qd1 Nxc3 24. bxc3 Qa5 25. Nd2 Qxc3 26. Ndxc4 dxc4 27. Rc1 Qxa3 28. Nxc4 Qb3 29. Re3 Qxd1 30. Rxd1 Rb4 31. Nd6 Rxd4 32. Rdxd3 Rxd3 33. Rxd3 Ra8 34. Nb5 a3 35. Rd1 a2 36. Ra1 Bb4 37. Kf3 Ra5 38. Ke4 g6 0-1

[Event "November 21 Early 2023"]
[Site "https://www.chess.com"]
[Date "2023.11.21"]
[Round "5"]
[White "Vakhlamov, Igor L."]
[Black "Drygalov, Sergey"]
[Result "0-1"]
[Board "15"]
[TimeControl "180+1"]
[WhiteFideId "24126748"]
[BlackFideId "24171743"]
[WhiteElo "2407"]
[BlackElo "2502"]
[WhiteTeam "RUS"]
[BlackTeam "RUS"]
[WhiteClock "0:00:00"]
[BlackClock "0:00:56"]

1. e4 c5 2. Nf3 d6 3. Nc3 a6 4. d4 cxd4 5. Qxd4 Nc6 6. Qd3 Nf6 7. Nd5 Bg4 8. Be2 e6 9. Nxf6+ Qxf6 10. O-O Be7 11. Bg5 Qg6 12. Bxe7 Kxe7 13. Rad1 Rhd8 14. Nh4 Qh5 15. Bxg4 Qxg4 16. Nf3 Rac8 17. c3 Kf8 18. h3 Qh5 19. Rfe1 d5 20. exd5 Rxd5 21. Qe2 Rcd8 22. Rxd5 Qxd5 23. a3 h6 24. Qe3 Kg8 25. Re2 Qd1+ 26. Kh2 Rd3 27. Rd2 Rxe3 28. Rxd1 Re2 29. Rd2 Rxd2 30. Nxd2 Kf8 31. f4 Ke7 32. Kg3 Kd6 33. Kf3 Ne7 34. Ke4 Nd5 35. Nc4+ Kc5 36. Ne5 f6 37. Nf3 g5 38. fxg5 hxg5 39. g3 Kd6 40. c4 Ne7 41. h4 g4 42. Nd4 f5+ 43. Ke3 e5 44. Ne2 Ke6 45. b4 b5 46. cxb5 Nd5+ 47. Kf2 axb5 48. Nc1 f4 49. h5 Kf5 50. h6 Nf6 51. Nd3 Ne4+ 52. Kg2 f3+ 53. Kg1 Ng5 54. Kf2 e4 55. Nc5 Kg6 56. Nd7 Nh3+ 0-1

[Event "November 21 Early 2023"]
[Site "https://www.chess.com"]
[Date "2023.11.21"]
[Round "5"]
[White "Rasulov, Vugar"]
[Black "Lobanov, Sergei"]
[Result "0-1"]
[Board "16"]
[TimeControl "180+1"]
[WhiteFideId "13402390"]
[BlackFideId "24183750"]
[WhiteElo "2517"]
[BlackElo "2483"]
[WhiteTeam "AZE"]
[BlackTeam "FID"]
[WhiteClock "0:00:00"]
[BlackClock "0:00:28"]

1. e4 e5 2. Nf3 Nc6 3. Bc4 Nf6 4. d3 Bc5 5. O-O O-O 6. Bg5 h6 7. Bh4 Be7 8. c3 d6 9. Nbd2 a6 10. Bb3 Be6 11. Re1 Nh5 12. Bxe7 Qxe7 13. d4 Bxb3 14. Qxb3 Rab8 15. Nf1 Nf4 16. Ne3 exd4 17. Nd5 Nxd5 18. exd5 Ne5 19. Nxe5 dxe5 20. cxd4 e4 21. Rac1 Kh8 22. Qc2 f5 23. Qxc7 Qxc7 24. Rxc7 Rfd8 25. f3 exf3 26. Ree7 fxg2 27. Rxg7 Rxd5 28. Kxg2 Rg8 29. Rxg8+ Kxg8 30. Rxb7 Rxd4 31. Kf3 a5 32. Rb5 a4 33. a3 Rh4 34. Kg3 Rg4+ 35. Kf2 Rh4 36. Kg3 Rg4+ 37. Kf3 Rh4 38. Rxf5 Rxh2 39. Rb5 Kg7 40. Ke3 h5 41. Kd3 Kg6 42. Kc3 Rg2 43. Rb4 Rg4 44. Rb6+ Kg5 45. Rb5+ Kh4 46. Ra5 Rf4 47. b4 axb3 48. Kxb3 Kg4 49. a4 h4 50. Ra8 h3 51. Rh8 Kg3 52. a5 h2 0-1

[Event "November 21 Early 2023"]
[Site "https://www.chess.com"]
[Date "2023.11.21"]
[Round "5"]
[White "Arifarsky"]
[Black "Sjugirov, Sanan"]
[Result "1/2-1/2"]
[Board "17"]
[TimeControl "180+1"]
[BlackFideId "4189302"]
[WhiteElo "2795"]
[BlackElo "2569"]
[BlackTeam "HUN"]
[WhiteClock "0:00:06"]
[BlackClock "0:00:02"]

1. d4 Nf6 2. Nf3 d5 3. c4 e6 4. Nc3 c6 5. e3 Nbd7 6. Bd2 Bd6 7. Bd3 dxc4 8. Bxc4 b5 9. Bb3 O-O 10. O-O a6 11. e4 e5 12. Bg5 Qc7 13. Rc1 exd4 14. Nd5 Nxd5 15. Bxd5 Bb7 16. Qxd4 Ne5 17. Nd2 Ng6 18. g3 Rac8 19. Nf3 Ne5 20. Nxe5 Bxe5 21. Qb4 c5 22. Qd2 Bxd5 23. exd5 Qd6 24. Rfd1 Bd4 25. Be3 Bxe3 26. Qxe3 c4 27. b3 Rc7 28. bxc4 bxc4 29. Rc3 Rfc8 30. Qd4 Rc5 31. Rd2 h6 32. Qe4 R5c7 33. Qd4 Rc5 34. Qe4 Qf6 35. Rdc2 Qb6 36. Kg2 Qb5 37. d6 Re5 38. Qd4 Rd5 39. Qe4 Rxd6 40. Rxc4 Re8 41. Qf3 Rf6 42. Qd3 Qb7+ 43. f3 g6 44. R4c3 h5 45. h4 Rfe6 46. Rf2 Qe7 47. Rb3 Qf6 48. Qc4 Qa1 49. Qc2 Re1 50. Kh3 Rh1+ 51. Rh2 Rg1 52. Rg2 Qf1 53. g4 Rh1+ 54. Kg3 Qe1+ 55. Qf2 Qe5+ 56. f4 Qe6 57. f5 Qd6+ 58. Kf3 Rh3+ 59. Rg3 Qd5+ 60. Kf4 Rxg3 61. Kxg3 Qd6+ 62. Kh3 hxg4+ 63. Kxg4 Qd7 64. Rf3 Re4+ 65. Kg3 Qd6+ 66. Kh3 Qd7 67. Kg3 Qd6+ 68. Kh3 Qd7 69. Kg3 1/2-1/2

[Event "November 21 Early 2023"]
[Site "https://www.chess.com"]
[Date "2023.11.21"]
[Round "5"]
[White "Suyarov, Mukhammadzokhid"]
[Black "Eljanov, Pavel"]
[Result "1-0"]
[Board "18"]
[TimeControl "180+1"]
[WhiteFideId "14210495"]
[BlackFideId "14102951"]
[WhiteElo "2449"]
[BlackElo "2598"]
[WhiteTeam "UZB"]
[BlackTeam "UKR"]
[WhiteClock "0:00:09"]
[BlackClock "0:00:10"]

1. e4 c6 2. d4 d5 3. e5 Bf5 4. Nf3 e6 5. Be2 Nd7 6. O-O a5 7. Nbd2 a4 8. c4 h6 9. Re1 Ne7 10. Nf1 Nc8 11. Ng3 Bg6 12. cxd5 cxd5 13. Bd2 Be7 14. Rc1 O-O 15. Rc3 Qb6 16. Qc1 Na7 17. h4 Bb4 18. h5 Bxc3 19. bxc3 Bh7 20. Bd1 Nc6 21. Nh2 a3 22. Bxh6 gxh6 23. Qxh6 Nxd4 24. Ng4 Kh8 25. Nf6 Qb1 26. Re4 Qxd1+ 27. Kh2 Nxf6 28. Qxf6+ Kg8 29. h6 Nf5 30. Nxf5 Qh5+ 31. Rh4 1-0

[Event "November 21 Early 2023"]
[Site "https://www.chess.com"]
[Date "2023.11.21"]
[Round "5"]
[White "Hua, Lefong"]
[Black "Rohith Krishna S"]
[Result "0-1"]
[Board "19"]
[TimeControl "180+1"]
[WhiteFideId "2602253"]
[BlackFideId "46617051"]
[WhiteElo "2739"]
[BlackElo "2394"]
[WhiteTeam "CAN"]
[BlackTeam "IND"]
[WhiteClock "0:00:05"]
[BlackClock "0:00:23"]

1. d4 Nf6 2. c4 e6 3. Nc3 d5 4. cxd5 exd5 5. Bg5 c6 6. e3 Be7 7. Bd3 O-O 8. Qc2 h6 9. Bh4 Nbd7 10. Nge2 Re8 11. O-O Ne4 12. Bxe7 Qxe7 13. Rae1 Ndf6 14. Nc1 a5 15. f3 Ng5 16. Qf2 Ne6 17. h3 Bd7 18. e4 Qb4 19. N1e2 a4 20. e5 Nh7 21. f4 Nhf8 22. f5 Nc7 23. Qh4 c5 24. f6 Re6 25. fxg7 Kxg7 26. Nf4 Qxd4+ 27. Kh1 Rae8 28. Bf5 Rxe5 29. Qg4+ Ng6 30. Rxe5 Rxe5 31. Bxd7 Rg5 32. Nh5+ Kf8 33. Qf3 Ne5 34. Qf6 Rxh5 35. Qd8+ Kg7 36. Qxc7 Qd3 37. Re1 Qd2 38. Re2 Qc1+ 39. Kh2 Qf4+ 40. g3 Nf3+ 41. Kg2 Qxc7 42. Bg4 Rg5 43. Kxf3 d4 44. Ne4 Qc6 45. Kf2 Re5 46. Bf3 f5 47. Nd2 Rxe2+ 48. Kxe2 Qb5+ 49. Kd1 Qxb2 50. Bd5 a3 51. Bb3 b5 52. Bd5 c4 0-1

[Event "November 21 Early 2023"]
[Site "https://www.chess.com"]
[Date "2023.11.21"]
[Round "5"]
[White "Halkias, Stelios"]
[Black "Martinez Alcantara, Jose Eduardo"]
[Result "1-0"]
[Board "20"]
[TimeControl "180+1"]
[WhiteFideId "4201809"]
[BlackFideId "3805662"]
[WhiteElo "2462"]
[BlackElo "2703"]
[WhiteTeam "GRE"]
[BlackTeam "PER"]
[WhiteClock "0:00:18"]
[BlackClock "0:00:05"]

1. Nf3 c5 2. c4 Nc6 3. Nc3 g6 4. e3 Bg7 5. d4 d6 6. d5 Na5 7. Bd2 Nf6 8. e4 Bg4 9. h3 Bxf3 10. Qxf3 Nd7 11. Qd1 O-O 12. Be2 a6 13. O-O Rb8 14. Rb1 b5 15. cxb5 axb5 16. Nxb5 c4 17. Qa4 Ra8 18. Qc2 Qb6 19. a4 Rfc8 20. Be3 Qb7 21. Nd4 Ne5 22. Rfd1 Rab8 23. f4 Nd7 24. Nb5 Nc5 25. Bg4 Rd8 26. Bxc5 dxc5 27. Bf3 Qb6 28. e5 g5 29. e6 fxe6 30. fxg5 exd5 31. Rxd5 e6 32. Rxd8+ Rxd8 33. Re1 Kh8 34. Kh1 e5 35. Qe4 Nb3 36. Qxc4 Nd2 37. Qg4 c4 38. g6 h6 39. Rd1 Qe3 40. a5 e4 41. Bxe4 Rb8 42. Nd6 Rf8 43. Nf7+ Rxf7 44. gxf7 Qxe4 45. Qxe4 Nxe4 46. Rd8+ Kh7 47. f8=Q 1-0

[Event "November 21 Early 2023"]
[Site "https://www.chess.com"]
[Date "2023.11.21"]
[Round "5"]
[White "Parligras, Mircea-Emilian"]
[Black "Erigaisi Arjun"]
[Result "0-1"]
[Board "21"]
[TimeControl "180+1"]
[WhiteFideId "1204297"]
[BlackFideId "35009192"]
[WhiteElo "2486"]
[BlackElo "2729"]
[WhiteTeam "ROU"]
[BlackTeam "IND"]
[WhiteClock "0:00:01"]
[BlackClock "0:00:40"]

1. e4 c6 2. d4 d5 3. Nc3 dxe4 4. Nxe4 Bf5 5. Ng3 Bg6 6. h4 h6 7. Nf3 e6 8. h5 Bh7 9. Bd3 Bxd3 10. Qxd3 Nf6 11. Bd2 c5 12. Qb5+ Qd7 13. Qxd7+ Nbxd7 14. O-O-O Rc8 15. Rhe1 cxd4 16. Nxd4 Bc5 17. Be3 Ng4 18. Ne4 Nxe3 19. Rxe3 Nf6 20. Nxf6+ gxf6 21. g4 Rg8 22. f3 Rg5 23. Red3 Rd5 24. Nb3 Rxd3 25. Rxd3 Bb6 26. Nd2 Ke7 27. Ne4 Bc7 28. Kd1 Be5 29. b3 b5 30. Kd2 Rc6 31. a4 bxa4 32. bxa4 a5 33. Rb3 Rc4 34. Rb7+ Kf8 35. Ra7 Rxa4 36. Nc5 Ra3 37. Ra8+ Ke7 38. Ra7+ Kd6 39. Ne4+ Kd5 40. c3 f5 41. gxf5 exf5 42. Nf2 Ra2+ 43. Ke1 Bxc3+ 44. Kf1 Rxf2+ 45. Kxf2 Bd4+ 0-1

[Event "November 21 Early 2023"]
[Site "https://www.chess.com"]
[Date "2023.11.21"]
[Round "5"]
[White "Sokolovsky, Yahli"]
[Black "Lazavik, Denis"]
[Result "0-1"]
[Board "22"]
[TimeControl "180+1"]
[WhiteFideId "2820242"]
[BlackFideId "13515110"]
[WhiteElo "2389"]
[BlackElo "2556"]
[WhiteTeam "ISR"]
[BlackTeam "BLR"]
[WhiteClock "0:00:00"]
[BlackClock "0:00:14"]

1. b3 d5 2. Bb2 Nf6 3. e3 c6 4. Nf3 Bf5 5. d4 e6 6. Bd3 Nbd7 7. Nbd2 Bd6 8. Ne5 O-O 9. f4 a5 10. a4 Bb4 11. O-O Bxd2 12. Qxd2 Ne4 13. Qe2 f6 14. Nf3 Bg4 15. Qe1 f5 16. c4 Bxf3 17. gxf3 Nef6 18. cxd5 Nxd5 19. Kh1 Rf6 20. Rg1 Qe8 21. Rg5 Qf7 22. Qf2 h6 23. Rg3 Kh8 24. Rag1 Rg8 25. Qd2 b6 26. Bb1 Nf8 27. e4 fxe4 28. fxe4 Nxf4 29. d5 Rg6 30. dxc6 Rxg3 31. Rxg3 N8g6 32. Rxg6 Qxg6 33. Qxf4 e5 34. Bxe5 Qxc6 35. Bd3 Rd8 36. Be2 Qg6 37. Bg4 Re8 38. Bf5 Qc6 39. Kg2 Qc2+ 40. Kh3 Qxb3+ 41. Kh4 Kg8 42. Bg6 Rf8 43. Bf5 Qf7 44. Qg4 Qe7+ 45. Kh5 Qxe5 46. Qg6 Rf6 47. Qh7+ Kf7 48. Qh8 Qxh2+ 49. Kg4 Qg2+ 50. Kf4 Qf2+ 51. Kg4 Qe2+ 52. Kf4 Qd2+ 53. Kf3 Qd6 54. Qc8 g6 55. Qb7+ Kg8 56. Qc8+ Kg7 57. Qe8 gxf5 58. e5 Qd5+ 59. Kf4 Re6 0-1

[Event "November 21 Early 2023"]
[Site "https://www.chess.com"]
[Date "2023.11.21"]
[Round "5"]
[White "Maghsoodloo, Parham"]
[Black "Ilkhomi, Jaloliddin"]
[Result "1-0"]
[Board "23"]
[TimeControl "180+1"]
[WhiteFideId "12539929"]
[BlackFideId "14700948"]
[WhiteElo "2660"]
[BlackElo "2054"]
[WhiteTeam "IRI"]
[BlackTeam "TJK"]
[WhiteClock "0:01:57"]
[BlackClock "0:00:05"]

1. d4 e6 2. c4 Nf6 3. Nf3 b6 4. g3 Bb7 5. Bg2 Bb4+ 6. Bd2 Bxd2+ 7. Nbxd2 O-O 8. O-O Ne4 9. Rc1 f5 10. b4 Nxd2 11. Qxd2 Be4 12. h4 d6 13. Bh3 Qf6 14. Ng5 Bb7 15. d5 e5 16. c5 Na6 17. c6 Bc8 18. a3 h6 19. Nf3 f4 20. Bxc8 Raxc8 21. Qd3 Nb8 22. g4 Rce8 23. Qe4 g5 24. hxg5 hxg5 25. Kg2 Kg7 26. Rh1 Rh8 27. Rcg1 Qg6 28. Nd2 Qf7 29. Kf1 Rxh1 30. Rxh1 Rh8 31. Rxh8 Kxh8 32. Nf3 Qf6 33. Qf5 Qxf5 34. gxf5 Kg7 35. Nxg5 Kf6 36. Ne4+ Ke7 37. b5 a6 38. a4 axb5 39. axb5 Kd8 40. f6 1-0

[Event "November 21 Early 2023"]
[Site "https://www.chess.com"]
[Date "2023.11.21"]
[Round "5"]
[White "Paravyan, David"]
[Black "Tatarinov, Dmitry"]
[Result "1-0"]
[Board "24"]
[TimeControl "180+1"]
[WhiteFideId "4194985"]
[BlackFideId "24160067"]
[WhiteElo "2566"]
[BlackElo "2344"]
[WhiteTeam "FID"]
[BlackTeam "RUS"]
[WhiteClock "0:01:11"]
[BlackClock "0:00:40"]

1. d4 Nf6 2. c4 e6 3. Nc3 d5 4. cxd5 exd5 5. Bg5 c6 6. e3 h6 7. Bh4 Be7 8. Bd3 O-O 9. Nge2 Nh5 10. Bxe7 Qxe7 11. O-O Nd7 12. Qd2 Nhf6 13. Rae1 c5 14. Ng3 Re8 15. Nf5 Qf8 16. Nb5 Rd8 17. f3 a6 18. Nbd6 g6 19. e4 gxf5 20. Nxf5 cxd4 21. e5 Nxe5 22. Nxh6+ Kh8 23. Rxe5 Be6 24. Qf4 Qg7 25. Qh4 Nh7 26. Rh5 Qf6 27. Nxf7+ Kg8 28. Ng5 Nxg5 29. Rxg5+ Kf8 30. Rg8+ Ke7 31. Rg7+ 1-0

[Event "November 21 Early 2023"]
[Site "https://www.chess.com"]
[Date "2023.11.21"]
[Round "5"]
[White "Gholami Orimi, Mahdi"]
[Black "Begmuratov, Alisher"]
[Result "0-1"]
[Board "25"]
[TimeControl "180+1"]
[WhiteFideId "12558486"]
[BlackFideId "14203367"]
[WhiteElo "2331"]
[BlackElo "2387"]
[WhiteTeam "IRI"]
[BlackTeam "UZB"]
[WhiteClock "0:00:03"]
[BlackClock "0:00:10"]

1. d4 Nf6 2. c4 e6 3. g3 Bb4+ 4. Bd2 Qe7 5. Bg2 Nc6 6. e3 Bxd2+ 7. Qxd2 d6 8. Ne2 O-O 9. O-O e5 10. d5 Nb8 11. b4 b6 12. Nbc3 Ba6 13. Nb5 Bb7 14. Rfc1 a6 15. Nbc3 a5 16. a3 Na6 17. Nb5 Qd7 18. Rcb1 c6 19. dxc6 Bxc6 20. Bxc6 Qxc6 21. Nxd6 Rfd8 22. Rd1 Ne4 23. Nxe4 Rxd2 24. Nxd2 Nc7 25. b5 Qg6 26. Nc3 Qd3 27. Rac1 h5 28. Nf3 Qf5 29. Kg2 Rc8 30. Na4 Qe4 31. Nxb6 Rb8 32. Nd7 Rc8 33. b6 Na6 34. Nxe5 g5 35. Rd4 Qa8 36. Rd7 Nc5 37. Rxf7 g4 38. Rb1 gxf3+ 39. Rxf3 Re8 40. Ng6 Kg7 41. Rb5 Kxg6 42. Rxc5 Rf8 43. Rb5 Qxf3+ 44. Kh3 Rd8 45. Rd5 Qg4+ 46. Kg2 Rxd5 47. cxd5 Qe4+ 48. f3 Qxd5 49. e4 Qb7 0-1

[Event "November 21 Early 2023"]
[Site "https://www.chess.com"]
[Date "2023.11.21"]
[Round "5"]
[White "Komov, Roman"]
[Black "Van Foreest, Jorden"]
[Result "0-1"]
[Board "26"]
[TimeControl "180+1"]
[WhiteFideId "24175714"]
[BlackFideId "1039784"]
[WhiteElo "2189"]
[BlackElo "2664"]
[WhiteTeam "RUS"]
[BlackTeam "NED"]
[WhiteClock "0:00:00"]
[BlackClock "0:00:08"]

1. e4 c5 2. Nf3 Nc6 3. Bb5 Qb6 4. Nc3 a6 5. Bc4 e6 6. O-O Nf6 7. a3 Be7 8. d3 O-O 9. h3 d6 10. Re1 Qc7 11. Bf4 b5 12. Ba2 Bb7 13. Qd2 Rfd8 14. Rad1 Rac8 15. Bh2 h6 16. Ne2 a5 17. Nf4 Qb6 18. c3 Ne5 19. Kh1 c4 20. d4 Nxe4 21. Qe3 Nxf3 22. Qxf3 Nf6 23. Qe2 Re8 24. Bb1 Bf8 25. Qc2 Qd8 26. Bg3 b4 27. Nh5 g6 28. Nf4 Bg7 29. f3 Qd7 30. axb4 axb4 31. Ne2 bxc3 32. bxc3 Bc6 33. Qd2 Rb8 34. Bf4 Kh7 35. Qe3 Nd5 36. Qd2 Nxf4 37. Nxf4 Qd8 38. Qa2 Qg5 39. Ne2 Bd5 40. Be4 Ra8 41. Qc2 Reb8 42. Bxd5 Qxd5 43. Ng3 Rb3 44. Ne4 Raa3 45. Ra1 f5 46. Rxa3 Rxa3 47. Nd2 e5 48. dxe5 dxe5 49. Nf1 Qd3 50. Qb2 Rxc3 51. Qb7 Rb3 52. Ra1 Rxb7 0-1

[Event "November 21 Early 2023"]
[Site "https://www.chess.com"]
[Date "2023.11.21"]
[Round "5"]
[White "Kovalenko, Igor"]
[Black "Orujov2008"]
[Result "0-1"]
[Board "27"]
[TimeControl "180+1"]
[WhiteFideId "14117908"]
[WhiteElo "2574"]
[BlackElo "2729"]
[WhiteTeam "UKR"]
[WhiteClock "0:00:20"]
[BlackClock "0:00:13"]

1. c4 Nf6 2. Nc3 e6 3. e4 c5 4. g3 d5 5. cxd5 exd5 6. e5 Ng4 7. f4 d4 8. Ne4 Nc6 9. h3 Nh6 10. Nf3 Be6 11. Bb5 Bd5 12. Qe2 Qd7 13. g4 O-O-O 14. d3 f5 15. exf6 Bxe4 16. Qxe4 gxf6 17. Bxc6 bxc6 18. Ne5 fxe5 19. f5 Qd5 20. Bg5 Qxe4+ 21. dxe4 Rd7 22. Rc1 Nf7 23. Bf6 Rg8 24. Ke2 Bg7 25. Bxg7 Rxg7 26. Rxc5 Kc7 27. Kd3 h5 28. Rg1 hxg4 29. hxg4 Rh7 30. g5 Rh3+ 31. Kc2 Nd6 32. Rxe5 Nc4 33. Rc5 d3+ 34. Kc3 d2+ 35. Kxc4 d1=Q 36. Rxd1 Rxd1 37. Re5 Rh2 38. g6 Rc2+ 39. Kb3 Rf2 40. Re7+ Rd7 41. Re8 Rd8 42. Re7+ Kd6 43. Re6+ Kd7 44. Rf6 Re8 45. g7 Rg2 46. Kc4 Rxg7 47. Kc5 Rxe4 48. Rd6+ Kc7 49. Rxc6+ Kb7 50. Rf6 Rd7 51. b4 a5 52. bxa5 Re5+ 53. Kb4 Rd4+ 54. Kc3 Rf4 55. Rb6+ Ka7 56. f6 Ref5 0-1

[Event "November 21 Early 2023"]
[Site "https://www.chess.com"]
[Date "2023.11.21"]
[Round "5"]
[White "Goltsev, Dmitry"]
[Black "Makarian, Rudik"]
[Result "0-1"]
[Board "28"]
[TimeControl "180+1"]
[WhiteFideId "24176710"]
[BlackFideId "44105681"]
[WhiteElo "2370"]
[BlackElo "2539"]
[WhiteTeam "RUS"]
[BlackTeam "FID"]
[WhiteClock "0:00:57"]
[BlackClock "0:00:20"]

1. e4 c5 2. d4 cxd4 3. Qxd4 Nc6 4. Qe3 a6 5. c3 b5 6. Nf3 Bb7 7. Nbd2 e6 8. Nb3 Qc7 9. Be2 Bd6 10. O-O Nge7 11. Rd1 Ng6 12. g3 O-O 13. Nc5 Bc8 14. Nd3 Bb7 15. Nc5 Bc8 16. Nd3 Nce5 17. Nfxe5 Nxe5 18. Nxe5 Bxe5 19. f4 Bd6 20. Qf2 Bb7 21. Bf3 Be7 22. Be3 d6 23. Rd2 Bc6 24. Rad1 Qb7 25. Kg2 Bxe4 26. Bxe4 Qxe4+ 27. Kg1 d5 28. Re1 Qf5 29. Bd4 Bf6 30. Bxf6 Qxf6 31. Qd4 Qxd4+ 32. Rxd4 g6 33. Kf2 Kg7 34. Kf3 h5 35. h3 Rac8 36. g4 hxg4+ 37. hxg4 Rc4 38. Red1 Rh8 39. Kg3 Kf6 40. Rxc4 bxc4 41. Re1 a5 42. a3 a4 43. Rd1 g5 44. f5 Rb8 45. Rd2 exf5 46. gxf5 Kxf5 47. Rxd5+ Kg6 48. Kg4 f6 49. Rd2 f5+ 50. Kf3 Rb6 51. Rd4 Rxb2 52. Rxc4 Rb3 53. Rc6+ Kh5 54. Rc5 Rxa3 55. Rxf5 Rxc3+ 56. Kg2 a3 57. Ra5 Kh4 58. Ra4+ g4 59. Kf2 Kh3 60. Ra8 Rc2+ 61. Ke3 a2 62. Kf4 g3 63. Ra3 Rf2+ 64. Ke3 Kh2 65. Ra6 Kg2 66. Ra8 Kf1 67. Kd4 g2 68. Kc5 g1=Q 69. Kc6 0-1

[Event "November 21 Early 2023"]
[Site "https://www.chess.com"]
[Date "2023.11.21"]
[Round "5"]
[White "De Silva, L M S T"]
[Black "Chigaev, Maksim"]
[Result "0-1"]
[Board "29"]
[TimeControl "180+1"]
[WhiteFideId "9953698"]
[BlackFideId "4108116"]
[WhiteElo "2372"]
[BlackElo "2561"]
[WhiteTeam "SRI"]
[BlackTeam "ESP"]
[WhiteClock "0:00:00"]
[BlackClock "0:00:34"]

1. Nf3 Nf6 2. b3 g6 3. Bb2 c5 4. c4 Bg7 5. g3 b6 6. Bg2 Bb7 7. O-O O-O 8. Nc3 d5 9. Nxd5 Nxd5 10. Bxg7 Kxg7 11. cxd5 Qxd5 12. d4 Na6 13. Nh4 Qd7 14. d5 Rad8 15. e4 e6 16. Qd2 exd5 17. exd5 Nc7 18. Rad1 Bxd5 19. Rfe1 f6 20. Re3 Be6 21. Qxd7+ Rxd7 22. Rde1 Bf7 0-1

[Event "November 21 Early 2023"]
[Site "https://www.chess.com"]
[Date "2023.11.21"]
[Round "5"]
[White "Ter-Sahakyan, Samvel"]
[Black "Pourramezanali, Amirreza"]
[Result "1-0"]
[Board "30"]
[TimeControl "180+1"]
[WhiteFideId "13302531"]
[BlackFideId "12511412"]
[WhiteElo "2556"]
[BlackElo "2302"]
[WhiteTeam "ARM"]
[BlackTeam "IRI"]
[WhiteClock "0:01:21"]
[BlackClock "0:00:42"]

1. d4 d5 2. c4 e6 3. Nf3 Nf6 4. g3 Bb4+ 5. Nbd2 O-O 6. Bg2 b6 7. O-O Bb7 8. Ne5 Nfd7 9. Nd3 Be7 10. e4 c5 11. exd5 exd5 12. cxd5 cxd4 13. d6 Bxg2 14. dxe7 Qxe7 15. Kxg2 Nc5 16. Nf3 Nc6 17. Re1 Qb7 18. Kg1 Nxd3 19. Qxd3 Nb4 20. Qb3 d3 21. Qxb4 Qxf3 22. Bd2 Rfe8 23. Qf4 Qd5 24. Rxe8+ Rxe8 25. Re1 Rxe1+ 26. Bxe1 h6 27. a3 Qb3 28. Bc3 Qd1+ 29. Kg2 Qe2 30. Qe3 Qd1 31. Qe8+ Kh7 32. Qxf7 Qg4 33. Qf3 Qd7 34. Qe3 Qd5+ 35. f3 b5 36. Qe4+ 1-0

[Event "November 21 Early 2023"]
[Site "https://www.chess.com"]
[Date "2023.11.21"]
[Round "5"]
[White "Shoker, Samy"]
[Black "Puranik, Abhimanyu"]
[Result "0-1"]
[Board "31"]
[TimeControl "180+1"]
[WhiteFideId "627143"]
[BlackFideId "5061245"]
[WhiteElo "2475"]
[BlackElo "2493"]
[WhiteTeam "EGY"]
[BlackTeam "IND"]
[WhiteClock "0:00:35"]
[BlackClock "0:00:43"]

1. Nf3 d5 2. g3 Nc6 3. Bg2 e5 4. d3 Nf6 5. a3 Be7 6. b4 O-O 7. b5 Nd4 8. Nxe5 Bd6 9. Nf3 Nxf3+ 10. Bxf3 Bh3 11. Nd2 Qe7 12. Nb3 a6 13. bxa6 Rxa6 14. a4 Rfa8 15. a5 b6 16. Bg5 bxa5 17. Bxd5 Bb4+ 18. Nd2 Rd8 19. Bc4 Rc6 20. Bb3 h6 21. Bxf6 Qxf6 22. Ra2 Rc5 23. e4 Re8 24. Qe2 Bg2 25. Rg1 Bf3 26. Qe3 Rf5 27. Kf1 Bc5 28. Qe1 Bxe4 29. Nxe4 Rxe4 30. Qxe4 Rxf2+ 31. Ke1 Qc3+ 0-1

[Event "November 21 Early 2023"]
[Site "https://www.chess.com"]
[Date "2023.11.21"]
[Round "5"]
[White "Mohammad Fahad, Rahman"]
[Black "Baskakov, Egor"]
[Result "0-1"]
[Board "32"]
[TimeControl "180+1"]
[WhiteFideId "10207791"]
[BlackFideId "24197866"]
[WhiteElo "2339"]
[BlackElo "2225"]
[WhiteTeam "BAN"]
[BlackTeam "RUS"]
[WhiteClock "0:01:24"]
[BlackClock "0:00:25"]

1. b3 Nf6 2. Bb2 e6 3. Nf3 Be7 4. e3 b6 5. Be2 Bb7 6. O-O O-O 7. c4 d5 8. Nc3 Nbd7 9. cxd5 Nxd5 10. Qc2 c5 11. Rad1 Rc8 12. Qb1 Qc7 13. d4 cxd4 14. Nb5 Qb8 15. Bxd4 a6 16. Nc3 Rxc3 17. Qa1 Bf6 18. e4 Nf4 19. Bc4 Rxf3 20. gxf3 Ne5 21. Kh1 b5 22. Qc1 Nxf3 23. Bxf6 Nd3 24. Qh6 gxh6 25. Rg1+ Ng5 26. Bxd3 Qf4 27. Bxg5 Qf3+ 28. Rg2 Qxd1+ 0-1

[Event "November 21 Early 2023"]
[Site "https://www.chess.com"]
[Date "2023.11.21"]
[Round "5"]
[White "Timerkhanov, Alexander"]
[Black "Rustemov, Alexander"]
[Result "0-1"]
[Board "33"]
[TimeControl "180+1"]
[WhiteFideId "24177938"]
[BlackFideId "4119002"]
[WhiteElo "2278"]
[BlackElo "2885"]
[WhiteTeam "RUS"]
[BlackTeam "RUS"]
[WhiteClock "0:00:21"]
[BlackClock "0:00:53"]

1. d4 g6 2. e4 Bg7 3. Nc3 d6 4. Be3 a6 5. a4 b6 6. f3 Bb7 7. Nge2 Nd7 8. Qd2 c5 9. h4 h6 10. h5 g5 11. Ng3 e6 12. O-O-O Qc7 13. Nge2 Ne7 14. f4 gxf4 15. Bxf4 cxd4 16. Nxd4 Bxd4 17. Qxd4 e5 18. Qd2 exf4 19. Qxf4 Ne5 20. Qf6 O-O-O 21. Kb1 Kb8 22. Rh3 Nc8 23. Nd5 Bxd5 24. exd5 Qe7 25. Qf2 a5 26. Rb3 Nd7 27. Bb5 Nc5 28. Re3 Qg5 29. Rf3 Qxh5 30. Rd4 Rdf8 31. b4 axb4 32. Rxb4 f5 33. Bc6 Rh7 34. a5 Ra7 35. axb6 Qh1+ 36. Qf1 Qxf1+ 37. Rxf1 Ra6 38. g4 Rxb6 39. Rxb6+ Nxb6 40. gxf5 Nbd7 41. Rh1 Rf6 42. Kb2 Ne5 43. Kc3 Nxc6 44. dxc6 Rxf5 45. Rxh6 Kc7 0-1

[Event "November 21 Early 2023"]
[Site "https://www.chess.com"]
[Date "2023.11.21"]
[Round "5"]
[White "Kamsky, Gata"]
[Black "reevecanada"]
[Result "1-0"]
[Board "34"]
[TimeControl "180+1"]
[WhiteFideId "2000024"]
[WhiteElo "2660"]
[BlackElo "2699"]
[WhiteTeam "USA"]
[WhiteClock "0:00:46"]
[BlackClock "0:00:41"]

1. d4 Nf6 2. Nf3 g6 3. Bg5 Bg7 4. c3 Ne4 5. Bh4 c5 6. e3 d5 7. Nbd2 O-O 8. Nxe4 dxe4 9. Nd2 cxd4 10. cxd4 f5 11. Bc4+ Kh8 12. O-O Qe8 13. f3 e5 14. dxe5 Bxe5 15. fxe4 Bxb2 16. Rb1 Bg7 17. Bd5 Nc6 18. Nc4 Qd7 19. Kh1 b6 20. exf5 gxf5 21. e4 Bb7 22. exf5 Rxf5 23. Rxf5 Qxf5 24. Nd6 Qf4 25. Bg3 Qd4 26. Nxb7 Qxd1+ 27. Rxd1 Ne7 28. Be4 Rc8 29. Rd8+ Rxd8 30. Nxd8 Bf6 31. Nc6 Nxc6 32. Bxc6 Bd8 33. Be5+ Kg8 34. Bd5+ Kf8 35. g3 Ke7 36. Kg2 Kd7 37. Kf3 b5 38. Ke4 a5 39. h4 a4 40. h5 b4 41. Kd3 Be7 42. Kc4 h6 43. Bf4 Bf8 44. g4 b3 45. axb3 a3 46. Be5 Bd6 47. Bg7 Bf4 48. b4 Kd6 49. Bg8 a2 50. Kb3 Bd2 51. Kxa2 Bxb4 52. Bxh6 Bc3 53. Kb3 Be5 54. Kc4 Ke7 55. Kd5 Bb2 56. Be6 Bc3 57. Bg5+ Kf8 58. h6 Bb2 59. Ke4 Ba1 60. Kf5 Bb2 61. Bf6 Bxf6 62. Kxf6 Ke8 63. h7 Kd8 64. h8=Q+ Kc7 65. Ke5 Kb6 66. Qc8 Ka7 67. Bd5 Kb6 68. Kd4 Ka5 69. Qb7 Ka4 70. Kc4 Ka3 71. Qb3# 1-0